Map: Fracture LE

Players

JonSnow - Winner!

  • Race: Zerg Zerg
  • Spawn Location: 5:00

HuT

  • Race: Terran Terran
  • Spawn Location: 11:00

Event: WCS Montreal 2018

VOD

Have the link to the VOD?

Description

Time

  • Played on: Sept. 7, 2018, 6:50 p.m.
  • Length: 13:06

All games in this series

Show
View Real Time Build Order
Export as new Build Order

JonSnow Zerg - Winner!

Build Orders: Pool First 

Get SALT Encoding   

  12  0:01  Drone  
  13  0:12  Overlord  
  13  0:18  Drone  
  14  0:31  Drone x2  
  16  0:41  Spawning Pool  
  15  0:44  Drone  
  15  0:48  Drone  
  17  1:08  Hatchery  
  16  1:13  Drone  
  17  1:27  Extractor  
  17  1:28  Zergling x2  
  17  1:29  Zergling x4  
  17  1:31  Queen  
  21  1:41  Overlord  
  21  1:51  Drone  
  22  2:06  Drone  
  22  2:07  Queen  
  25  2:13  Drone  
  26  2:20  Drone, Queen  
  26  2:22  Drone  
  30  2:34  Metabolic Boost  
  30  2:36  Drone x2  
  32  2:52  Hatchery  
  32  2:56  Drone x2  
  33  3:00  Drone  
  33  3:01  Drone  
  35  3:07  Drone, Overlord  
  35  3:20  Queen  
  35  3:21  Extractor  
  35  3:22  Overlord  
  37  3:30  Drone x4  
  41  3:35  Drone x2  
  41  3:36  Drone  
  41  3:39  Overlord  
  44  3:47  Queen  
  46  3:50  Zergling x4  
  46  3:54  Zergling x2  
  46  3:55  Zergling x2  
  50  3:56  Drone  
  50  4:01  Drone x2  
  50  4:02  Drone  
  54  4:04  Drone  
  54  4:05  Drone  
  56  4:10  Lair  
  56  4:14  Overlord  
  56  4:19  Spore Crawler  
  56  4:21  Queen  
  56  4:23  Drone  
  58  4:32  Queen  
  58  4:33  Extractor  
  58  4:34  Extractor, Baneling Nest  
  58  4:35  Zergling x6  
  58  4:37  Drone  
  58  4:43  Drone x3  
  58  4:44  Drone  
  62  4:46  Drone  
  62  4:47  Drone  
  62  4:48  Drone  
  65  4:55  Overlord  
  65  5:03  Drone  
  65  5:05  Overlord  
  66  5:08  Overseer  
  66  5:14  Overlord  
  66  5:15  Drone  
  66  5:16  Drone x7  
  73  5:23  Centrifical Hooks  
  73  5:27  Drone x2, Evolution Chamber  
  73  5:28  Drone x3, Evolution Chamber  
  75  5:41  Drone x5  
  78  5:46  Extractor  
  78  5:47  Extractor  
  78  5:49  Zergling x4  
  79  5:50  Zergling x6  
  79  5:51  Overlord  
  81  5:59  Zerg Ground Armor Level 1, Zerg Melee Weapons Level 1  
  81  6:01  Overlord  
  81  6:10  Drone x3  
  81  6:11  Drone x3  
  87  6:16  Drone x4, Hatchery  
  87  6:17  Hydralisk Den  
  89  6:25  Baneling x3  
  89  6:30  Overlord  
  89  6:32  Zergling x8  
  92  6:45  Spore Crawler, Zergling x2  
  92  6:46  Zergling x6  
  95  6:53  Drone x2  
  97  6:56  Grooved Spines  
  97  6:57  Overlord  
  97  6:58  Hydralisk  
  97  6:59  Hydralisk x3  
  97  7:00  Hatchery  
  104  7:02  Baneling x2  
  104  7:04  Overlord  
  104  7:06  Drone x2  
  105  7:09  Overlord  
  105  7:16  Overlord  
  105  7:18  Infestation Pit  
  105  7:20  Zergling x2  
  105  7:21  Zergling x12  
  111  7:23  Baneling x3  
  111  7:43  Drone x9  
  119  7:53  Hydralisk x6  
  119  7:54  Zerg Melee Weapons Level 2  
  119  7:55  Zerg Ground Armor Level 2  
  129  8:07  Hydralisk x5  
  129  8:11  Drone x4  
  129  8:12  Extractor  
  142  8:13  Extractor  
  142  8:17  Drone x2  
  143  8:24  Muscular Augments  
  143  8:25  Overlord  
  143  8:30  Hive  
  143  8:31  Zergling x12  
  149  8:37  Zergling x2  
  149  8:38  Zergling x18  
  149  8:41  Baneling x6, Overlord  
  149  8:45  Overlord  
  145  8:52  Zergling x14  
  151  8:59  Overlord x2  
  151  9:09  Hatchery  
  150  9:11  Zergling x22  
  150  9:15  Hydralisk  
  162  9:17  Baneling x5  
  162  9:20  Zergling x4  
  162  9:21  Zergling x2  
  162  9:22  Baneling  
  162  9:23  Baneling x2  
  162  9:24  Overlord  
  165  9:30  Overlord  
  162  9:34  Extractor, Zergling x16  
  157  9:41  Viper x3  
  157  9:44  Zergling x12  
  157  9:45  Ultralisk Cavern  
  171  9:53  Burrow  
  171  9:59  Zergling x2  
  172  10:00  Zergling x24  
  172  10:01  Baneling x8  
  178  10:09  Zergling x2  
  178  10:13  Zergling x2  
  178  10:14  Zergling x6  
  181  10:15  Zerg Ground Armor Level 3  
  181  10:17  Overlord  
  181  10:19  Zergling x8  
  184  10:33  Adrenal Glands  
  183  10:37  Ultralisk  
  183  10:38  Zergling x2  
  144  10:53  Ultralisk  
  144  10:54  Zergling x16  
  144  10:55  Zergling x14  
  164  11:05  Ultralisk  
  168  11:12  Zergling x2  
  168  11:13  Overlord  
  168  11:16  Baneling  
  168  11:17  Baneling x7, Zergling x2  
  168  11:18  Zergling x2  
  144  11:26  Zergling x8  
  144  11:29  Zergling x14  
  144  11:31  Zergling x2  
  144  11:32  Zergling x8  
  154  11:33  Ultralisk  
  150  11:40  Zergling x2  
  150  11:43  Zergling x4  
  150  11:44  Ultralisk Cavern  
  148  11:48  Zergling x2  
  148  11:52  Zergling x4  
  136  11:58  Zergling x8  
  127  12:04  Zergling x8  
  127  12:05  Queen  
  133  12:08  Extractor  
  133  12:09  Extractor, Zergling x2  
  133  12:10  Zergling x6  
  132  12:18  Spore Crawler  
  132  12:19  Spore Crawler, Hatchery  
  113  12:24  Hatchery  
  112  12:32  Spine Crawler  
  112  12:33  Zergling x2  
  130  12:40  Drone x2  
  130  12:43  Drone x2  
  134  12:44  Baneling  
  134  12:45  Baneling x10  
  134  12:47  Zergling x4  
Show
View Real Time Build Order
Export as new Build Order

HuT Terran 

Build Orders: Gas First Reaper Expand, Liberator Opening, Reaper Expand, Bio Tank, Mech 

Get SALT Encoding   

  12  0:00  SCV  
  13  0:13  SCV  
  14  0:17  Supply Depot  
  14  0:25  SCV  
  15  0:29  Refinery  
  15  0:38  SCV  
  16  0:44  Barracks  
  16  0:50  SCV  
  17  1:02  SCV  
  18  1:15  SCV  
  19  1:30  Orbital Command  
  19  1:31  Reaper  
  20  1:42  Command Center  
  20  1:53  Factory  
  20  1:57  SCV  
  21  2:06  Barracks Reactor  
  21  2:09  SCV  
  21  2:12  Supply Depot  
  21  2:14  Refinery  
  22  2:21  SCV  
  23  2:34  SCV  
  24  2:41  Starport  
  24  2:46  Hellion x2  
  24  2:49  Barracks Tech Lab  
  28  2:51  SCV  
  28  2:54  Orbital Command  
  29  3:03  SCV  
  30  3:08  Hellion x2  
  34  3:16  SCV  
  35  3:20  SCV  
  36  3:27  Viking  
  36  3:28  SCV  
  39  3:37  SCV  
  39  3:38  Supply Depot  
  39  3:41  SCV  
  41  3:42  Liberator  
  41  3:43  Factory Tech Lab, Marine x2  
  43  3:49  SCV  
  43  3:53  SCV  
  45  4:01  Marine x2  
  50  4:04  Supply Depot  
  52  4:11  Siege Tank  
  52  4:12  SCV  
  54  4:19  Supply Depot  
  54  4:26  SCV x2  
  54  4:28  Command Center  
  56  4:36  Barracks Tech Lab  
  56  4:38  SCV x2  
  56  4:43  Siege Tank  
  61  4:50  SCV x2, Supply Depot  
  63  4:54  Starport Reactor  
  63  4:55  Barracks  
  63  4:58  Barracks  
  63  5:02  SCV, Stimpack  
  63  5:03  SCV  
  65  5:10  Marine  
  66  5:14  SCV  
  66  5:16  Siege Tank  
  66  5:19  Refinery x2  
  70  5:23  Engineering Bay  
  70  5:25  SCV  
  70  5:26  Engineering Bay  
  70  5:27  SCV  
  72  5:31  Marine  
  73  5:37  SCV  
  73  5:39  SCV  
  73  5:42  Orbital Command  
  72  5:43  Starport Reactor  
  72  5:56  SCV x2  
  74  5:58  Terran Infantry Armor Level 1, Terran Infantry Weapons Level 1  
  74  6:00  Marine x3, Orbital Command  
  74  6:03  Supply Depot  
  77  6:06  Marine x2  
  77  6:08  SCV  
  77  6:09  SCV  
  81  6:14  Siege Tank  
  81  6:18  Marine x3  
  87  6:21  SCV x2  
  87  6:22  Medivac  
  87  6:23  Medivac  
  87  6:25  SCV  
  94  6:28  Supply Depot  
  94  6:33  SCV x2, Marine  
  94  6:34  Marine  
  94  6:35  Marine  
  94  6:37  SCV  
  100  6:45  SCV  
  101  6:50  SCV x2  
  101  6:51  Supply Depot  
  101  6:53  Siege Tank, Supply Depot  
  101  6:54  Barracks x2  
  106  6:57  SCV  
  107  7:02  SCV x2  
  107  7:04  Supply Depot  
  107  7:05  Supply Depot  
  109  7:13  Medivac x2, Marine  
  114  7:16  Armory  
  114  7:17  Refinery x2  
  114  7:18  SCV  
  114  7:19  Combat Shields  
  114  7:22  Marine x3  
  115  7:23  Marine  
  115  7:26  SCV x2  
  121  7:30  Marine  
  121  7:35  Supply Depot  
  122  7:40  SCV x2, Marine  
  122  7:41  Marine  
  122  7:43  Siege Tank  
  122  7:44  Barracks Reactor x2  
  128  7:48  Factory  
  128  7:52  Supply Depot  
  128  7:54  Supply Depot  
  128  7:55  Supply Depot  
  128  7:57  Factory  
  119  8:00  Marine x4  
  119  8:05  Marine  
  124  8:15  Siege Tank  
  124  8:17  Terran Infantry Weapons Level 2  
  124  8:18  Marine  
  128  8:20  Terran Infantry Armor Level 2  
  128  8:21  Marine x3  
  128  8:22  Marine x2  
  133  8:28  Terran Vehicle Weapons Level 1  
  132  8:35  Marine  
  132  8:36  Marine x3  
  132  8:39  Marine x5  
  140  8:53  Factory Tech Lab, Marine  
  140  8:54  Marine x3  
  140  8:55  Siege Tank  
  146  8:57  Marine x5  
  146  8:59  Siege Tank  
  154  9:11  Marine x4  
  154  9:15  Marine  
  159  9:17  Medivac x2, Marine x4  
  159  9:22  Siege Tank  
  170  9:27  Siege Tank  
  170  9:29  Marine  
  170  9:30  Marine  
  173  9:32  Marine  
  173  9:34  SCV  
  173  9:35  Marine  
  173  9:36  Marine x4, Supply Depot  
  173  9:37  Supply Depot  
  176  9:43  Marine  
  177  9:47  Marine  
  177  9:48  Marine  
  177  9:50  Marine  
  180  9:55  Barracks x2  
  180  9:56  Barracks  
  180  9:57  Command Center  
  180  10:01  Marine x2  
  180  10:06  Marine x2  
  178  10:11  Marine x5  
  178  10:19  Siege Tank, Marine x2  
  181  10:23  Marine  
  181  10:24  Marine  
  183  10:29  Marine x5  
  184  10:37  Marine x2  
  184  10:41  Marine  
  182  10:44  Marine  
  182  10:47  Marine x3  
  170  10:52  Marine  
  170  10:53  Marine  
  170  10:55  Marine x2  
  174  10:59  Marine  
  174  11:02  Marine  
  176  11:04  Marine  
  176  11:05  Marine  
  176  11:06  Siege Tank x3  
  176  11:09  Marine  
  176  11:10  Marine  
  184  11:12  Marine x2  
  184  11:13  Marine  
  184  11:17  Marine  
  121  11:27  Marine x4  
  121  11:28  Marine  
  121  11:30  Marine x2  
  112  11:34  Marine  
  112  11:36  Marine  
  112  11:38  Siege Tank  
  107  11:45  Marine x3  
  64  12:04  Marine  
  64  12:05  Marine x3  
  67  12:17  Marine x2  
  65  12:35  Marine x3  
  68  12:41  Marine  
  69  12:46  Marine x2  
Tags
 
Add a new tag
Caveats
  • Supply blocks, unpowered buildings, or Contaminate may cause inaccurate times.
  • Supply counts are checked every 10 seconds.